 Dungeon Crawl Stone Soup version 0.19-a0-1922-g1e9a4c1 (webtiles) character file.

26522 vev the Cleaver (level 12, -3/115 HPs)
             Began as a Deep Dwarf Berserker on Oct 24, 2016.
             Was a Priest of Trog.
             Slain by a death yak (14 damage)
             ... on level 4 of the Lair of Beasts.
             The game lasted 00:58:42 (11827 turns).

vev the Cleaver (Deep Dwarf Berserker)             Turns: 11827, Time: 00:58:43

Health: -3/115     AC: 21    Str: 24    XL:     12   Next: 99%
Magic:  17/17      EV: 13    Int:  8    God:    Trog [***...]
Gold:   804        SH:  0    Dex: 16    Spells: 0 memorised, 11 levels left

rFire  . . .     SeeInvis .     a - +2 broad axe (chop)
rCold  . . .     Gourm    .     x - +0 plate armour
rNeg   . . .     Faith    .     (no shield)
rPois  +         Spirit   .     (no helmet)
rElec  +         Reflect  .     (no cloak)
rCorr  .         Harm     .     D - +2 pair of gloves
MR     ++...                    b - +2 pair of boots
Stlth  ..........               (no amulet)
                                H - ring of poison resistance
                                z - ring of protection from magic (curse)

@: exhausted, about to teleport, non-regenerating, slowed, very slow
A: damage resistance, recharge devices, deterioration 1, sense surroundings 2,
electricity resistance, slow regeneration 3, strong 1
a: Device Recharging, Berserk, Trog's Hand, Burn Spellbooks, Renounce Religion


You were on level 4 of the Lair of Beasts.
You worshipped Trog.
Trog was most pleased with you.
You were very hungry.

You visited 3 branches of the dungeon, and saw 15 of its levels.

You collected 804 gold pieces.

Inventory:

Hand Weapons
 a - a +2 broad axe of chopping (weapon)
 n - a +0 broad axe
 r - a +0 morningstar
 A - a +0 battleaxe
 K - the +7 sceptre of Torment
   (You found it on level 8 of the Dungeon)
Missiles
 o - 23 tomahawks (quivered)
 G - 2 tomahawks of returning
 I - a throwing net
 L - 7 silver javelins
Armour
 b - a +2 pair of boots (worn)
 x - a +0 plate armour (worn)
 D - a +2 pair of gloves (worn)
Jewellery
 p - an uncursed ring of see invisible
 u - an uncursed ring of protection from fire
 v - an uncursed ring of flight
 z - a cursed ring of protection from magic (left hand)
 H - a ring of poison resistance (right hand)
Wands
 c - a wand of heal wounds (4/9)
 C - a wand of digging (8/24)
 E - a wand of random effects (21/48)
 J - a wand of slowing (3/48)
 Q - a wand of confusion (6/48)
 T - a wand of iceblast (8/15)
Scrolls
 e - a scroll of enchant armour
 g - a scroll of blinking
 i - a scroll of recharging
 y - a scroll of fear
 F - a scroll of remove curse
 M - a scroll of teleportation
 O - a scroll of vulnerability {unknown}
 P - a scroll of identify
 S - a scroll of summoning {unknown}
Potions
 f - 9 potions of curing
 h - a potion of lignification {unknown}
 k - 2 potions of cancellation
 q - 2 potions of flight
 s - 3 potions of heal wounds
 t - a potion of agility {unknown}
 w - 2 potions of haste
 B - 2 potions of might
Comestibles
 d - 5 bread rations
 j - 8 fruits
 l - 7 meat rations
 m - 3 chunks of flesh
 N - 10 royal jellies
 R - 5 beef jerkies


   Skills:
 + Level 9.4 Fighting
 * Level 14.6 Axes
 + Level 10.4 Armour
 + Level 10.6 Dodging
 - Level 1.0 Stealth
 - Level 7.8 Evocations


You had 11 spell levels left.
You didn't know any spells.

Dungeon Overview and Level Annotations

Branches:
Dungeon (10/15)            Temple (0/1) D:7            Lair (4/6) D:9
 Shoals (1/4) Lair:3        Snake (0/4) Lair:2          Orc (0/2) D:9

Altars:
Ashenzari
Gozag
Qazlal
Sif Muna
Zin

Shops:
D:4 [   D:10 *

Annotations:
Shoals:1 exclusion: ice statue


Innate Abilities, Weirdness & Mutations

You are resistant to damage.
You can recharge devices by infusing magical energy.
You passively map the area around you.
You do not regenerate.
Your body sometimes deteriorates upon taking damage.
You are resistant to electric shocks. (rElec)
Your muscles are strong. (Str +2)


Message History

Trog accepts your kill.
No target in view!
A death yak comes into view.
The death yak bellows!
You see here a death yak corpse.
You feel a strong urge to attack something.
You feel your anger subside.
You are no longer berserk.
You are exhausted.
You feel yourself slow down.
Found 19 arrows.
You feel the effects of Trog's Hand fading.
Your skin stops crawling.
You feel less resistant to hostile enchantments.
The death yak gores you! The death yak gores you!!
As you read the scroll of teleportation, it crumbles to dust.
You feel strangely unstable. The death yak gores you!!
* * * LOW HITPOINT WARNING * * *
The death yak gores you!
You die...

## * .# ## .## *#.# ** ,
.P##### #### #..# #* , ,
...P#.####P.## ...#.#.
.............####.......
,
.......................
, ......#.#.#.#.#YY.P###
* , *
.....##.########@### * ,
....Y#### ### , ......#
* ,, , ......## * ,
.......### ** ,
...t.....# , ........##
##.....## * , , .##...##
*, ,


You could see 2 death yaks.

Vanquished Creatures
  The ghost of wazuzu the Sharpshooter, a journeyman KoHu of Okawaru (Lair:4)
  The ghost of Capuchin the Protected, a journeyman MiFi of Okawaru (D:10)
  Erolcha (D:10)
  2 hydras
  Harold (Lair:1)
  A death yak (Lair:4)
  An unseen horror (D:10)
  2 hill giants
  6 spiny frogs
  A gargoyle (D:10)
  4 komodo dragons
  The ghost of Capuchin the Covered, an amateur MiFi (D:4)
  3 hornets (D:10)
  A two-headed ogre (D:9)
  4 blink frogs (Lair:3)
  3 hippogriffs
  A vampire (D:10)
  Eustachio (D:4)
  3 wyverns
  Grum (Lair:1)
  A basilisk (Lair:1)
  27 yaks
  A hill giant zombie (D:9)
  A hungry ghost (D:8)
  5 nagas (Lair:2)
  A soldier ant (D:10)
  10 water moccasins
  4 porcupines
  6 ice beasts
  6 orc warriors
  3 phantoms
  A sky beast (D:6)
  6 centaurs
  9 ogres
  11 wolves (Lair:1)
  6 crocodiles
  A big kobold (D:8)
  11 bullfrogs
  A wyvern zombie (D:10)
  2 scorpions
  5 killer bees (D:9)
  3 troll zombies (D:9)
  8 wights
  6 howler monkeys
  2 crimson imps (D:10)
  A quasit (D:9)
  4 jellies
  6 orc priests
  3 bullfrog skeletons
  A bullfrog zombie (D:9)
  5 hounds
  6 orc wizards
  3 centaur skeletons
  Ijyb (D:2)
  6 iguanas
  Natasha (thrice) (D:3)
  7 worker ants
  4 ogre zombies (D:9)
  4 gnolls (D:5)
  2 howler monkey skeletons
  9 adders
  2 shadow imps
  4 oozes
  2 adder skeletons
  3 adder zombies
  2 worms (D:2)
  5 dart slugs
  10 leopard geckos
  50 orcs
  17 giant cockroaches
  9 goblins
  8 hobgoblins
  8 jackals (D:3)
  8 kobolds
  3 quokkas
  A ball python (D:4)
  6 bats
  5 frilled lizards
  2 giant cockroach zombies
  A goblin skeleton (D:9)
  2 goblin zombies (D:9)
  A hobgoblin skeleton (D:9)
  4 hobgoblin zombies (D:9)
  A leopard gecko skeleton (D:7)
  An orc skeleton (D:9)
  16 orc zombies (D:9)
  A quokka skeleton (D:4)
  A quokka zombie (D:6)
  11 rats
  2 fungi (Lair:2)
  A plant (Lair:3)
428 creatures vanquished.

Vanquished Creatures (others)
  2 fungi
  5 plants (Lair:1)
7 creatures vanquished.

Grand Total: 435 creatures vanquished

Notes
Turn   | Place    | Note
-------+----------+-------------------------------------------
     0 | D:1      | vev the Deep Dwarf Berserker began the quest for the Orb.
     0 | D:1      | Reached XP level 1. HP: 20/20 MP: 1/1
    95 | D:1      | Reached skill level 1 in Stealth
   201 | D:1      | Reached XP level 2. HP: 9/27 MP: 2/2
   282 | D:1      | Reached skill level 3 in Fighting
   508 | D:1      | Reached XP level 3. HP: 34/34 MP: 3/3
   684 | D:2      | Reached ** piety under Trog
   698 | D:2      | Reached skill level 4 in Axes
   760 | D:2      | Reached XP level 4. HP: 32/42 MP: 4/4
  1160 | D:2      | Found a faded altar of an unknown god.
  1160 | D:2      | Found a faded altar of an unknown god.
  1179 | D:2      | Found a faded altar of an unknown god.
  1181 | D:2      | Found a faded altar of an unknown god.
  1183 | D:2      | Found an opulent altar of Gozag.
  1293 | D:2      | Noticed Ijyb
  1311 | D:2      | Killed Ijyb
  1311 | D:2      | Reached skill level 3 in Armour
  1311 | D:2      | Reached skill level 1 in Evocations
  1612 | D:3      | Noticed Natasha
  1622 | D:3      | Reached skill level 3 in Dodging
  1622 | D:3      | Reached XP level 5. HP: 33/49 MP: 4/6
  1627 | D:3      | Killed Natasha
  1665 | D:3      | Noticed Natasha
  1685 | D:3      | Killed Natasha
  1685 | D:3      | Reached skill level 2 in Evocations
  1705 | D:3      | Noticed Natasha
  1705 | D:3      | Found a shattered altar of Ashenzari.
  1814 | D:3      | Reached XP level 6. HP: 32/56 MP: 6/8
  1867 | D:3      | Reached skill level 5 in Axes
  1882 | D:3      | Reached *** piety under Trog
  2003 | D:3      | Killed Natasha
  2003 | D:3      | Reached skill level 3 in Evocations
  2529 | D:4      | Noticed Eustachio
  2621 | D:4      | Noticed Capuchin's ghost (amateur MiFi)
  2645 | D:4      | Killed Capuchin's ghost
  2645 | D:4      | Reached skill level 4 in Fighting
  2645 | D:4      | Reached skill level 4 in Armour
  2645 | D:4      | Reached skill level 4 in Dodging
  2645 | D:4      | Reached XP level 7. HP: 64/64 MP: 9/9
  2952 | D:4      | Reached skill level 6 in Axes
  2998 | D:4      | Found Moruc's Antique Armour Shop.
  3190 | D:4      | Killed Eustachio
  3190 | D:4      | Reached skill level 4 in Evocations
  3530 | D:5      | Entered Level 5 of the Dungeon
  3574 | D:5      | Reached XP level 8. HP: 27/73 MP: 11/11
  3659 | D:5      | Reached skill level 7 in Axes
  3752 | D:5      | Reached skill level 5 in Dodging
  3752 | D:5      | Reached skill level 5 in Evocations
  4290 | D:5      | Reached skill level 5 in Armour
  4593 | D:6      | Noticed a hill giant
  4748 | D:6      | Killed a hill giant
  4748 | D:6      | Reached skill level 5 in Fighting
  4748 | D:6      | Reached skill level 8 in Axes
  4748 | D:6      | Reached skill level 6 in Evocations
  4748 | D:6      | Gained mutation: You passively map the area around you. [Deep Dwarf growth]
  4748 | D:6      | Reached XP level 9. HP: 15/81 MP: 13/13
  4913 | D:6      | Found a stormy altar of Qazlal.
  5424 | D:6      | Reached skill level 6 in Dodging
  5771 | D:7      | Reached skill level 6 in Armour
  5771 | D:7      | Reached skill level 7 in Evocations
  5815 | D:7      | Reached skill level 9 in Axes
  5835 | D:7      | Found a staircase to the Ecumenical Temple.
  6204 | D:7      | Found a deep blue altar of Sif Muna.
  6220 | D:7      | Reached **** piety under Trog
  6538 | D:8      | Reached skill level 6 in Fighting
  6543 | D:8      | Received a gift from Trog
  6689 | D:8      | Reached XP level 10. HP: 56/91 MP: 15/15
  6962 | D:8      | Reached skill level 7 in Dodging
  7203 | D:9      | Reached skill level 10 in Axes
  7338 | D:9      | Reached skill level 7 in Armour
  7365 | D:9      | Found a staircase to the Orcish Mines.
  7696 | D:9      | Found a staircase to the Lair.
  7760 | D:9      | Reached ***** piety under Trog
  7780 | D:9      | Reached skill level 11 in Axes
  7839 | D:9      | Reached skill level 8 in Dodging
  7841 | D:9      | Found a glowing silver altar of Zin.
  7898 | D:9      | Reached skill level 7 in Fighting
  8121 | D:9      | Got an ichor-stained ring mail
  8132 | D:9      | Identified the cursed +0 ring mail of Xuruhax {rPois Int+5} (You found it on level 9 of the Dungeon)
  8240 | D:10     | Entered Level 10 of the Dungeon
  8262 | D:10     | Noticed Erolcha
  8278 | D:10     | Killed Erolcha
  8278 | D:10     | Reached XP level 11. HP: 83/100 MP: 16/16
  8331 | D:10     | Paralysed by a hornet for 2 turns
  8335 | D:10     | Reached skill level 8 in Armour
  8436 | D:10     | Noticed Capuchin's ghost (journeyman MiFi)
  8440 | D:10     | Noticed a hill giant
  8461 | D:10     | Killed Capuchin's ghost
  8473 | D:10     | Killed an unseen horror
  8473 | D:10     | Reached skill level 12 in Axes
  8477 | D:10     | Killed a hill giant
  8581 | D:10     | Found Miegi's Changing Room.
  8607 | D:10     | Gained mutation: You are resistant to electric shocks. (rElec) [potion of mutation]
  8607 | D:10     | Gained mutation: Your muscles are strong. (Str +2) [potion of mutation]
  8607 | D:10     | Gained mutation: Your body sometimes deteriorates upon taking damage. [potion of mutation]
  9061 | Lair:1   | Entered Level 1 of the Lair of Beasts
  9081 | Lair:1   | Reached skill level 9 in Dodging
  9096 | Lair:1   | Noticed Grum
  9132 | Lair:1   | Killed Grum
  9184 | Lair:1   | Reached skill level 8 in Fighting
  9387 | Lair:1   | Reached skill level 9 in Armour
  9422 | Lair:1   | Noticed a four-headed hydra
  9440 | Lair:1   | Killed a four-headed hydra
  9454 | Lair:1   | Noticed Harold
  9520 | Lair:1   | Reached skill level 13 in Axes
  9596 | Lair:1   | Reached XP level 12. HP: 43/111 MP: 17/17
  9816 | Lair:1   | Killed Harold
  9836 | Lair:1   | Got a warped triple crossbow
  9840 | Lair:1   | Identified the +6 triple crossbow of Resumed Hostilities {elec, *Drain rElec rN++ Dex+2} (You found it on level 1 of the Lair of Beasts)
 10255 | Lair:2   | Found a staircase to the Snake Pit.
 10875 | Lair:2   | Noticed a five-headed hydra
 10906 | Lair:2   | Killed an eight-headed hydra
 10913 | Lair:2   | Reached skill level 10 in Dodging
 11228 | Lair:3   | Reached skill level 10 in Armour
 11230 | Lair:3   | Reached skill level 14 in Axes
 11231 | Lair:3   | Reached skill level 9 in Fighting
 11407 | Lair:3   | Found a staircase to the Shoals.
 11577 | Shoals:1 | Entered Level 1 of the Shoals
 11577 | Shoals:1 | Noticed a merfolk impaler
 11635 | Lair:4   | Noticed wazuzu's ghost (journeyman KoHu)
 11673 | Lair:4   | Killed wazuzu's ghost
 11793 | Lair:4   | Noticed a death yak
 11793 | Lair:4   | Noticed a death yak
 11804 | Lair:4   | Killed a death yak
 11805 | Lair:4   | Noticed a death yak
 11826 | Lair:4   | HP: 11/115 [death yak (19)]
 11827 | Lair:4   | Slain by a death yak

Vault maps used:
D:1:      ncdulo_watergridlock, serial_forest, infiniplex_forest_3_way,
          infiniplex_forest_end_2, infiniplex_forest_lined_2,
          infiniplex_forest_lined_3, infiniplex_forest_side_room,
          infiniplex_forest_end_3
D:2:      chequers_temple_overflow_minitemple, uniq_iyjb
D:3:      minmay_roachtagon, ashenzari_altar_1, uniq_natasha
D:4:      serial_shops, kennysheep_little_box, roderic_roman_lattice,
          uniq_eustachio
D:5:      first_bread
D:6:      basic_altar
D:7:      kennysheep_orc_sif_temple
D:9:      zin_statuary, dpeg_lair_monsters, zombieorc2_lemuel
D:10:     hangedman_pestilent_swarm, nicolae_transmutations_shop, uniq_erolcha
Lair:1:   beast_lair_carwin_large_2, uniq_grum, uniq_harold
Lair:2:   minmay_snake_entry_guardpost_medium
Lair:3:   minmay_shoals_entry_centaurs, grunt_megastairs_4
Shoals:1: nicolae_shoals_square_sea_wall, dpeg_stationary_puzzle

Skill      XL: |  1  2  3  4  5  6  7  8  9 10 11 12 |
---------------+-------------------------------------+-----
Stealth        | 1 |  1.0
Fighting       | 3 4 5 6 7 8 9 |  9.4
Axes           | 4 5 6 8 9 11 13 14 | 14.6
Armour         | 3 4 5 6 7 9 10 | 10.4
Evocations     | 1 2 3 4 6 7 |  7.8
Dodging        | 3 4 5 6 8 9 10 | 10.6

Action                   |  1- 3 |  4- 6 |  7- 9 | 10-12 || total
-------------------------+-------+-------+-------+-------++-------
Melee: Hand axe          |   137 |   270 |   364 |       ||   771
       War axe           |       |       |   173 |   784 ||   957
       Morningstar       |       |       |       |     5 ||     5
       Broad axe         |       |       |       |   223 ||   223
Throw: Tomahawk          |       |       |     5 |     3 ||     8
Invok: Berserk           |       |     5 |    10 |    15 ||    30
       Trog's Hand       |       |     5 |    14 |    36 ||    55
       Burn Spellbooks   |       |       |     1 |     4 ||     5
Evoke: Wand              |     1 |       |     6 |    34 ||    41
  Use: Scroll            |       |       |    13 |    11 ||    24
       Potion            |       |       |       |     1 ||     1
 Stab: Confused          |       |       |       |    10 ||    10
  Eat: Chunk             |       |    10 |    24 |    46 ||    80
       Meat ration       |       |       |     1 |       ||     1
       Beef jerky        |       |       |     1 |       ||     1
Armor: Animal skin       |     9 |       |       |       ||     9
       Scale mail        |    42 |    73 |       |       ||   115
       Plate armour      |       |    55 |   289 |   438 ||   782
Dodge: Dodged            |    84 |   155 |   217 |   503 ||   959
